Dodonko, chaotic female elven Wizard ################################### ------ # ---- ---# ------ |.....# ### .. .|# ### |....| |....|### # # ------- -. -.|##########%...>| |...<.####### |...|. |. |.| ###|....| |....| #)# |...|. +. |.| #.....| |.....###)# |...||------|. |.| #|.^..| ------ # ## ...|.|..|%%|.-----|.| #------ ## ### | --|--.|..|%%|.|....|.| # # # # | | -|--..{..-|-|..|.|.._@|.| # # #(## |..-.............-|--.|..(.|. ### ----.----- 0 -----+--.-----|-.....)B@...|.| ------# |.........## |.| ..|--|--------|.| |.....# |........| |.+ |%*| ...|#.| -.| ###.....| |........| |.---|.)|....|..| |.| # |....| ---------- | -- -----..{.----------|-----.|### ------ |.......................%..)....# -------------------------------- Dodonko the Thaumaturge Experience level: 7 Strength: 11 Dexterity: 11 Constitution: 16 Intelligence: 18 Wisdom: 13 Charisma: 9 Health: 0(54) Energy: 2(92) AC: 9 Gold: 545 Moves: 2396 Your Inventory: Coins $ - 545 gold pieces Weapons q - 11 [uncursed +0] daggers (in quiver) s - a [blessed +0] elven dagger named Sting [Sting] (weapon in hand) w - an [uncursed +0] elven dagger Armor b - an uncursed +0 cloak of magic resistance (being worn) Scrolls i - an uncursed scroll of confuse monster j - an uncursed scroll of create monster k - an uncursed scroll of destroy armor A - an [uncursed] scroll labeled LEP GEX VEN ZEA [of light] Spellbooks l - a blessed spellbook of force bolt m - an uncursed spellbook of healing Potions g - 2 uncursed potions of object detection h - an uncursed potion of water Rings d - an uncursed ring of searching (on right hand) e - an uncursed ring of stealth (on left hand) Wands c - an uncursed wand of locking (0:4) Tools n - an uncursed bugle t - a [blessed] brass lantern z - an [uncursed] key [skeleton key] Spells known in the end: Name Level Category Fail Memory a - force bolt 1 attack 0% [||||||||] b - healing 1 healing 0% [||||||||] Your skills at the end: Fighting Skills Weapon Skills quarterstaff [Basic / Expert] Spellcasting Skills attack spells [Skilled / Expert] enchantment spells [Basic / Skilled] Final Attributes: You were piously aligned. Hunger level was 360. Your alignment was 21 / 21. Monster difficulty range was 1 - 6. Level difficulty was 6. You were immune to sleep. You were magic-protected. You saw invisible. You were telepathic. You were aware of the presence of orcs. You had automatic searching. You had infravision. You were stealthy. Your luck was zero. You are dead. Vanquished creatures: a gnome mummy a soldier ant a fire ant a bugbear 3 yellow lights 4 gnome lords a giant ant a floating eye 6 dwarves a kobold lord 6 monkeys a dwarf zombie 2 werejackals an iguana a gas spore 2 hobbits 2 manes a yellow mold a green mold a red mold 30 gnomes 2 geckos 5 jackals 2 foxes 3 kobolds 3 goblins 2 sewer rats a grid bug 3 newts 89 creatures vanquished. Voluntary challenges: You were illiterate. You used a wielded weapon 21 times. You put on armor 1 time. You never genocided any monsters. You never polymorphed an object. You never changed form. You used no wishes. You never wrote Elbereth's name. You never encountered a bones level. You never used any Sokoban shortcuts. Dungeon overview: The Dungeons of Doom: levels 1 to 4 Level 1 a fountain a long staircase Level 3 a fountain stairs to The Gnomish Mines The Gnomish Mines: levels 4 to 6 Level 4 stairs to The Dungeons of Doom Level 6 <- You were here some shops, a temple, a magic chest, some fountains, a sink History has recorded: On T:1 you entered the Dungeons of Doom to retrieve the Amulet of Yendor! On T:423 you reached level 2 of The Dungeons of Doom. On T:473 you reached level 3 of The Dungeons of Doom. On T:474 you advanced to experience level 2. On T:634 you advanced to experience level 3. On T:971 you reached level 4 of The Dungeons of Doom. On T:974 you advanced to experience level 4. On T:1061 you reached level 1 of The Gnomish Mines. On T:1067 you advanced to experience level 5. On T:1166 you advanced to experience level 6. On T:1221 you reached level 2 of The Gnomish Mines. On T:1771 you advanced to experience level 7. On T:2127 you reached level 3 of The Gnomish Mines. Latest messages: The giant bat bites! [HP-5=7] The priestess of Thoth intones: "Pilgrim, you enter a sacred place!" You have a strange forbidding feeling... The spell misses the giant bat. You feel more confident in your spell casting skills. You are now more skilled in attack spells. The dagger misses the giant bat. [HP+1=8] You hit the giant bat. The giant bat bites! (2x) [HP-3=5] You begin praying to Anhur. The giant bat bites! You die... Final status: Goodbye Dodonko the Wizard... You died in The Gnomish Mines on dungeon level 6 with 3177 points, and 545 pieces of gold, after 2396 moves. You were level 7 with a maximum of 54 hit points when you died.